AoeStats
← Elite Viking

Black Forest

507128870Analyzed
2v2 RM · 16d ago on Sep 16, 2026· 65m 9s· 4 players
Game mode
Random Map
Map size
Medium (4 player)
Population
200
Speed
Normal
Resources
Standard
Victory
Conquest
Starting age
Dark Age
Ending age
Imperial Age
RankedLock teamsTeams togetherTeam positionsShared explorationLock speedFull tech treeHidden civsTurbo modeCheats
Victory
Defeat
🇿🇦 Vietnamese · South Africa
961
+16
🇿🇦 Spanish · South Africa
955
+16
🇨🇿 Bohemians · Czechia
1019
-18
🇨🇿 Burgundians · Czechia
906
-14
Elite Viking
1:19 Loom
13:46 Feudal Age
15:31 Feudal Age
15:56 Horse Collar
16:04 Double-Bit Axe
20:32 Castle Age
21:47 Bow Saw
21:38 Heavy Plow
22:45 Thumb Ring
22:31 Fletching
24:03 Wheelbarrow
24:19 Bodkin Arrow
23:47 Crossbowman
26:20 Hand Cart
25:53 Elite Skirmisher
27:21 Caravan
27:30 Town Watch
28:49 Scale Mail Armor
28:53 Squires
34:13 Imperial Age
31:44 Gold Mining
32:54 Chain Mail Armor
33:33 Padded Archer Armor
33:50 Town Patrol
34:25 Ballistics
35:06 Leather Archer Armor
35:33 Bracer
36:36 Chemistry
36:04 Paper Money
35:18 Elite Fire Lancer
37:52 Two-Man Saw
37:26 Crop Rotation
37:37 Guilds
38:12 Ring Archer Armor
39:31 Forging
39:51 Plate Mail Armor
39:28 Scale Barding Armor
38:49 Elite Rattan Archer
39:57 Chatras
40:32 Stone Mining
40:58 Bloodlines
40:50 Husbandry
41:13 Siege Engineers
42:39 Elite Battle Elephant
43:48 Chain Barding Armor
44:56 Iron Casting
45:11 Fortified Wall
44:57 Murder Holes
45:49 Arson
45:32 Onager
46:51 Plate Barding Armor
47:09 Hoardings
THmasterchief
6:33 Loom
17:06 Feudal Age
17:33 Double-Bit Axe
17:32 Horse Collar
17:47 Gold Mining
23:43 Castle Age
25:22 Bow Saw
25:16 Heavy Plow
25:21 Stone Mining
26:38 Stone Shaft Mining
30:20 Caravan
36:06 Wheelbarrow
37:38 Hand Cart
37:11 Town Watch
39:14 Fletching
39:38 Town Patrol
40:37 Ballistics
40:28 Masonry
40:15 Murder Holes
40:30 Fortified Wall
43:57 Imperial Age
42:14 Bodkin Arrow
42:25 Scale Barding Armor
42:31 Forging
45:18 Architecture
45:48 Chemistry
44:41 Onager
46:30 Two-Man Saw
47:15 Chain Barding Armor
47:30 Iron Casting
47:03 Bracer
49:09 Light Cavalry
49:59 Bloodlines
49:50 Husbandry
50:46 Plate Barding Armor
51:12 Blast Furnace
50:14 Padded Archer Armor
50:15 Scale Mail Armor
49:57 Pikeman
50:38 Squires
50:25 Arson
50:05 Hussar
57:14 Conscription
58:00 Hoardings
62:36 Bombard Tower
BuryZz
5:05 Loom
13:36 Feudal Age
18:07 Double-Bit Axe
18:44 Horse Collar
25:14 Castle Age
26:10 Heavy Plow
29:29 Bow Saw
30:33 Caravan
31:17 Fervor
35:29 Pikeman
36:11 Squires
36:00 Arson
37:12 Forging
37:13 Fletching
38:40 Wheelbarrow
39:22 Wagenburg Tactics
40:02 Loom
44:49 Imperial Age
42:07 Town Watch
42:41 Hand Cart
42:46 Bodkin Arrow
43:56 Ballistics
44:37 Chemistry
44:54 Iron Casting
47:13 Houfnice
49:48 Town Patrol
49:40 Elite Hussite Wagon
50:53 Conscription
55:35 Halberdier
Tomikk
1:16 Loom
10:37 Wheelbarrow
14:55 Feudal Age
13:18 Double-Bit Axe
15:54 Bow Saw
17:08 Horse Collar
19:45 Horse Collar
22:26 Castle Age
21:38 Gold Mining
21:39 Stone Mining
23:19 Gold Shaft Mining
25:22 Two-Man Saw
24:38 Heavy Plow
25:55 Stone Shaft Mining
29:58 Hand Cart
29:30 Town Watch
33:06 Crop Rotation
33:10 Burgundian Vineyards
33:52 Town Patrol
38:09 Imperial Age
35:57 Forging
35:48 Scale Mail Armor
35:54 Scale Barding Armor
36:22 Masonry
36:34 Ballistics
36:13 Murder Holes
36:30 Fortified Wall
37:11 Caravan
37:42 Coinage
37:19 Pikeman
38:01 Squires
37:47 Arson
37:23 Man-at-Arms
38:36 Elite Coustillier
39:56 Hoardings
38:52 Sappers
39:44 Conscription
39:50 Sanctity
39:31 Devotion
39:57 Illumination
40:15 Iron Casting
39:56 Chain Mail Armor
39:43 Padded Archer Armor
40:24 Cavalier
41:04 Husbandry
40:25 Light Cavalry
40:36 Onager
41:26 Siphons
42:22 Chemistry
41:04 Halberdier
43:22 Blast Furnace
42:53 Plate Mail Armor
42:14 Paladin
44:03 Fletching
44:31 Hussar
44:40 Long Swordsman
47:23 Incendiaries
47:45 Architecture
47:36 Bombard Tower
47:27 Clinker Construction
47:45 Chain Barding Armor
47:21 Bodkin Arrow
47:42 Leather Archer Armor
47:47 Guard Tower
47:42 Arrowslits
47:38 Treadmill Crane
57:25 Plate Barding Armor
59:00 Flemish Revolution
Connection lost

Rejoining the realm…

Still unreachable

The connection could not be restored.

Session expired

The server has moved on; the page needs a fresh start.